 Dungeon Crawl Stone Soup version 0.26-a0-757-g626ac9e51a (webtiles) character file.

Game seed: 5720129440386658016

9752 mhtbhm the Cleaver (level 11, -15/97 HPs)
             Began as a Minotaur Fighter on Nov 7, 2020.
             Was a High Priest of Okawaru.
             Hit by a large rock thrown by a stone giant (33 damage)
             ... on level 1 of the Orcish Mines.
             The game lasted 00:14:57 (9371 turns).

mhtbhm the Cleaver (Minotaur Fighter)               Turns: 9371, Time: 00:14:58

Health: -15/97     AC: 17    Str: 23    XL:     11   Next: 27%
Magic:  11/11      EV: 11    Int:  5    God:    Okawaru [*****.]
Gold:   658        SH: 12    Dex: 15    Spells: 10/10 levels left

rFire    . . .     SeeInvis .   a - +0 war axe
rCold    + + .     Faith    .   c - +0 kite shield
rNeg     . . .     Spirit   .   b - +4 scale mail {rPois}
rPois    +         Reflect  .   (helmet restricted)
rElec    +         Harm     .   I - scarf {rC+ rF+}
rCorr    .         Rampage  .   m - +0 pair of gloves
MR       ++...                  t - +2 pair of boots of Lightning Storm {Slay+6}
Stlth    ..........             (no amulet)
HPRegen  0.26/turn              M - ring "Ranuc" {Ice rElec MR+ Dex+4}
MPRegen  0.12/turn              r - ring of protection from magic

@: no status effects
A: retaliatory headbutt, horns 2
a: Heroism, Finesse, Renounce Religion


You were on level 1 of the Orcish Mines.
You worshipped Okawaru.
Okawaru was extremely pleased with you.
You visited 2 branches of the dungeon, and saw 12 of its levels.
You also visited: Ossuary.

You collected 762 gold pieces.
You spent 104 gold pieces at shops.

Inventory:

Hand Weapons
 a - a +0 war axe (weapon)
Missiles
 K - 12 curare-tipped darts (quivered)
 L - 2 atropa-tipped darts
Armour
 b - a +4 scale mail of poison resistance (worn)
 c - a +0 kite shield (worn)
 m - a +0 pair of gloves (worn)
 t - the +2 pair of boots of Lightning Storm (worn) {Slay+6}
   (You found it on level 4 of the Dungeon)

   It affects your accuracy and damage with ranged weapons and melee attacks
   (+6).
 I - a scarf of resistance (worn)
Jewellery
 r - a ring of protection from magic (right hand)
 M - the ring "Ranuc" (left hand) {Ice rElec MR+ Dex+4}
   (You found it on level 8 of the Dungeon)

   [ring of ice]

   It enhances your ice magic.
   It affects your dexterity (+4).
   It makes you vulnerable to fire.
   It protects you from cold.
   It insulates you from electricity.
   It affects your resistance to hostile enchantments.
Wands
 s - a wand of digging (7)
 x - a wand of acid (11)
 y - a wand of polymorph (7)
 B - a wand of flame (42)
Scrolls
 f - 4 scrolls of fog
 g - 3 scrolls of fear
 j - 2 scrolls of immolation
 k - 5 scrolls of teleportation
 n - 4 scrolls of remove curse
 o - 4 scrolls of enchant weapon {unknown}
 v - 2 scrolls of random uselessness {unknown}
 F - a scroll of magic mapping
 H - a scroll of blinking
 J - a scroll of enchant armour {unknown}
 N - a scroll of silence {unknown}
 O - a scroll of brand weapon {unknown}
Potions
 d - 6 potions of might
 i - a potion of brilliance
 l - 7 potions of curing
 u - a potion of berserk rage
 w - a potion of invisibility
 z - 2 potions of haste
 A - 5 potions of heal wounds
 D - 2 potions of flight {unknown}
 E - 2 potions of degeneration {unknown}
 G - a potion of mutation {unknown}


   Skills:
 + Level 9.2 Fighting
 + Level 14.3 Axes
 + Level 8.3 Armour
 + Level 4.6 Dodging
 + Level 0.6 Stealth
 + Level 9.1 Shields
 + Level 1.7 Invocations


You had 10 spell levels left.
You didn't know any spells.
Your spell library contained the following spells:

 Spells                   Type           Power        Failure   Level
 Apportation              Tloc           #.....       95%         1
 Confusing Touch          Hex            #.......     100%        3
 Gell's Gravitas          Tloc           #.........   100%        3
 Lesser Beckoning         Tloc           #.........   100%        3
 Tukima's Dance           Hex            #.......     100%        3
 Petrify                  Tmut/Erth      #.......     100%        4
 Alistair's Intoxication  Tmut/Pois      #........    100%        5
 Metabolic Englaciation   Hex/Ice        #.........   100%        5
 Yara's Violent Unravell  Hex/Tmut       #.........   100%        5
 Invisibility             Hex            #.......     100%        6


Dungeon Overview and Level Annotations

Branches:
Dungeon (11/15)            Temple (0/1) D:5             Orc (1/2) D:10
Ossuary (visited)
   Lair: D:8-11

Altars:
Ashenzari
Cheibriados
Dithmenos
Fedhas
Kikubaaqudgha
Okawaru
Qazlal
Ru
Sif Muna
Trog
Uskayaw
Vehumet
Yredelemnul

Shops:
D:5 !

Annotations:
D:8 2 transporters, Eryximachus's ghost, novice OpTm


Innate Abilities, Weirdness & Mutations

You reflexively headbutt those who attack you in melee.
You have a pair of horns on your head.


Message History

You miss the chaos spawn. You block the orc sorcerer's attack.
The chaos spawn barely misses you.
Unknown command.
You slice the orc sorcerer!!
You kill the orc sorcerer!
Okawaru is honoured by your kill.
The chaos spawn degenerates into a cloud of primal chaos!
The orc knight shoots a bolt.
The bolt hits you!
The stone giant throws a large rock.
The large rock hits you!!!
The stone giant throws a large rock.
You block the large rock.
The orc knight shoots a bolt.
The bolt hits you.
Items here: $ (( )) [.
An orc comes into view.
The stone giant throws a large rock.
The large rock hits you!!
* * * LOW HITPOINT WARNING * * *
Things that are here:
a large rock; a troll corpse Unknown command.
The stone giant throws a large rock.
The large rock hits you!!
You die...

.... ... ...##.# .#
...... .$ .... .#..##
#.. ....# #....###...
.......###.........#
...#....#.....$...#.
..........@(....... .
..C......).(.......
..###.....C(ยง>.......
.#.........()(.$.....
.....................
........((...........
##.#.o.........#....
......o.^#.....#.....
...$....#............


You could see a stone giant, an orc knight and an orc (strong).

Vanquished Creatures
  Erica (D:8)
  An orc sorcerer (Orc:1)
  An oklob plant (D:6)
  Maggie (D:6)
  4 trolls
  Grinder (D:6)
  Prince Ribbit (D:8)
  Sigmund (D:3)
  A wraith (D:10)
  4 yaks (D:7)
  Menkaure (Ossuary)
  A warg (Orc:1)
  Duvessa (D:5)
  5 orc warriors
  6 phantoms
  3 sky beasts
  An eye of draining (D:8)
  3 ice beasts
  A black bear (D:8)
  8 centaurs
  7 ogres
  3 big kobolds
  5 gnoll sergeants
  Dowan (D:5)
  A scorpion (D:5)
  5 killer bees (D:8)
  A vampire bat (D:6)
  2 howler monkeys
  2 bullfrog zombies
  10 hounds
  3 jellies
  A bullfrog skeleton (D:5)
  5 orc priests
  9 orc wizards
  2 iguanas
  4 worker ants
  Terence (D:2)
  Natasha (thrice) (D:4)
  A statue (D:7)
  A hound skeleton (D:5)
  3 mummies (Ossuary)
  A worker ant zombie (D:3)
  15 gnolls
  13 adders
  A howler monkey skeleton (D:5)
  A shadow imp (D:5)
  A white imp (D:6)
  2 adder zombies
  2 adder skeletons
  3 worms
  2 dart slugs (D:2)
  2 leopard geckos
  18 orcs
  A ball python (D:3)
  4 bat skeletons (D:6)
  2 bat zombies (D:6)
  7 giant cockroaches
  3 gnoll zombies (Ossuary)
  14 hobgoblins
  13 jackals
  10 kobolds
  3 quokkas (D:5)
  6 bats
  2 frilled lizards
  6 gnoll skeletons (Ossuary)
  3 goblins
  6 goblin zombies (Ossuary)
  3 hobgoblin skeletons (Ossuary)
  2 hobgoblin zombies (Ossuary)
  5 kobold skeletons (Ossuary)
  5 kobold zombies (Ossuary)
  2 leopard gecko skeletons (D:4)
  A leopard gecko zombie (D:6)
  2 orc skeletons (Ossuary)
  2 orc zombies (Ossuary)
  A quokka skeleton (D:4)
  11 rats
  8 rat skeletons (Ossuary)
  7 rat zombies (Ossuary)
306 creatures vanquished.

Vanquished Creatures (others)
  A goblin skeleton (Ossuary)
  3 fungi (D:6)
  13 plants
17 creatures vanquished.

Grand Total: 323 creatures vanquished

Notes
Turn   | Place    | Note
-------+----------+-------------------------------------------
     0 | D:1      | mhtbhm the Minotaur Fighter began the quest for the Orb.
     0 | D:1      | Reached XP level 1. HP: 19/19 MP: 0/0
   295 | D:1      | Reached XP level 2. HP: 27/27 MP: 1/1
   826 | D:2      | Reached skill level 3 in Axes
   868 | D:2      | Reached XP level 3. HP: 33/33 MP: 2/2
   980 | D:2      | Found a shadowy altar of Dithmenos.
   981 | D:2      | Noticed Terence
   988 | D:2      | Killed Terence
  1148 | D:2      | Found a broken altar of Ashenzari.
  1151 | D:2      | Reached XP level 4. HP: 40/40 MP: 3/3
  1313 | D:2      | Found a snail-covered altar of Cheibriados.
  1402 | D:3      | Reached skill level 4 in Axes
  1902 | D:3      | Noticed Sigmund
  1918 | D:3      | Killed Sigmund
  1918 | D:3      | Reached skill level 5 in Axes
  1918 | D:3      | Reached skill level 1 in Dodging
  1918 | D:3      | Reached XP level 5. HP: 36/47 MP: 4/4
  1918 | D:3      | Reached XP level 6. HP: 42/55 MP: 5/5
  1990 | D:3      | Found an iron altar of Okawaru.
  2347 | D:4      | Got a pair of ichor-stained boots
  2353 | D:4      | Identified the +2 pair of boots of Lightning Storm {Slay+6}
                  | (You found it on level 4 of the Dungeon)
  2659 | D:4      | Reached skill level 5 in Fighting
  2659 | D:4      | Reached skill level 6 in Axes
  2659 | D:4      | Reached skill level 5 in Armour
  2688 | D:4      | Noticed a water elemental
  2690 | D:4      | Found a stormy altar of Qazlal.
  2691 | D:4      | Noticed a fire elemental
  2691 | D:4      | Noticed an air elemental
  2705 | D:4      | Reached XP level 7. HP: 55/61 MP: 6/6
  2751 | D:4      | Noticed Natasha
  2759 | D:4      | Killed Natasha
  2812 | D:4      | Noticed Natasha
  2816 | D:4      | Killed Natasha
  2966 | D:4      | Reached skill level 7 in Axes
  3241 | D:4      | Noticed Natasha
  3247 | D:4      | Killed Natasha
  3485 | D:5      | Entered Level 5 of the Dungeon
  3599 | D:3      | Became a worshipper of Warmaster Okawaru
  3697 | D:5      | Found a basalt altar of Yredelemnul.
  3731 | D:5      | Noticed Duvessa
  3732 | D:5      | Noticed Dowan
  3741 | D:5      | Killed Duvessa
  3741 | D:5      | Reached skill level 8 in Axes
  3741 | D:5      | Reached skill level 5 in Shields
  3769 | D:5      | Killed Dowan
  3769 | D:5      | Reached XP level 8. HP: 63/70 MP: 7/7
  3771 | D:5      | Reached * piety under Okawaru
  3988 | D:5      | Found a staircase to the Ecumenical Temple.
  4043 | D:5      | Found Haopsuke's Distillery.
  4062 | D:5      | Bought a potion of heal wounds for 65 gold pieces
  4062 | D:5      | Bought a potion of curing for 39 gold pieces
  4249 | D:5      | Reached skill level 9 in Axes
  4601 | D:6      | Found a hide-covered altar of Uskayaw.
  4660 | D:6      | Found an ancient bone altar of Kikubaaqudgha.
  4707 | D:6      | Noticed Maggie
  4717 | D:6      | Killed Maggie
  4717 | D:6      | Reached ** piety under Okawaru
  4839 | D:6      | Reached XP level 9. HP: 78/78 MP: 8/8
  4879 | D:6      | Noticed a +0 dagger
  4880 | D:6      | Noticed a +0 dagger
  4911 | D:6      | Reached skill level 10 in Axes
  4913 | D:6      | Noticed Grinder
  4920 | D:6      | Killed Grinder
  5104 | D:6      | Reached skill level 11 in Axes
  5180 | D:6      | Reached *** piety under Okawaru
  5194 | D:6      | Reached skill level 1 in Invocations
  5348 | D:6      | Found a blossoming altar of Fedhas.
  5361 | D:6      | Noticed an oklob plant
  5384 | D:6      | Killed an oklob plant
  5631 | D:6      | Noticed a moth of wrath
  5633 | D:6      | Found a bloodstained altar of Trog.
  5982 | D:7      | Reached skill level 12 in Axes
  6084 | D:7      | Reached XP level 10. HP: 88/88 MP: 10/10
  6150 | D:7      | Found a shimmering blue altar of Sif Muna.
  6375 | D:7      | Found a sand-covered staircase.
  6389 | Ossuary  | Entered an ossuary
  6543 | Ossuary  | Reached **** piety under Okawaru
  6642 | Ossuary  | Noticed Menkaure
  6650 | Ossuary  | Killed Menkaure
  6888 | D:7      | Found a shadowy altar of Dithmenos.
  6911 | D:7      | Found a sacrificial altar of Ru.
  6976 | D:7      | Found a radiant altar of Vehumet.
  7076 | D:8      | Noticed Erica
  7088 | D:8      | Killed Erica
  7088 | D:8      | Reached skill level 13 in Axes
  7244 | D:8      | Found a transporter.
  7246 | D:8      | Found a transporter.
  7247 | D:8      | Noticed Eryximachus's ghost (novice OpTm)
  7287 | D:8      | Reached ***** piety under Okawaru
  7344 | D:8      | Noticed Prince Ribbit
  7356 | D:8      | Killed Prince Ribbit
  7522 | D:8      | Got a scintillating gossamer ring
  8160 | D:9      | Identified the ring "Ranuc" {Ice rElec MR+ Dex+4} (You
                  | found it on level 8 of the Dungeon)
  8417 | D:10     | Entered Level 10 of the Dungeon
  8484 | D:10     | Reached XP level 11. HP: 91/97 MP: 8/11
  8491 | D:10     | Reached skill level 14 in Axes
  8933 | D:10     | Found a staircase to the Orcish Mines.
  9316 | Orc:1    | Entered Level 1 of the Orcish Mines
  9322 | Orc:1    | Received a gift from Okawaru
  9348 | Orc:1    | Noticed an orc knight
  9351 | Orc:1    | Noticed an orc sorcerer
  9355 | Orc:1    | Noticed a stone giant
  9368 | Orc:1    | Killed an orc sorcerer
  9371 | Orc:1    | Hit by a large rock thrown by a stone giant

Illustrated notes

Levels and vault maps discovered:
D:1:      minmay_arrival_four_loops, layout_basic, lemuel_old_faithful
D:2:      layout_loops_cross, ashenzari_altar_1, kennysheep_slug_shrine,
          lemuel_round_altar, uniq_terence
D:3:      layout_basic, okawaru_gym_becter, minmay_diced_spiral, uniq_sigmund
D:4:      layout_layer_cave, nicolae_qazlal_style_of_elements, uniq_natasha
D:5:      minmay_skewed_foursquare, layout_loops_cross,
          minmay_temple_entry_fiery, serial_shops, shop,
          yredelemnul_altar_generic, uniq_duvessa
D:6:      kennysheep_housing_project, layout_cave_pools, tgw_fedhas,
          dancing_weapons_uskayaw, kennysheep_vampire_church, tgw_trog,
          uniq_maggie, uniq_grinder
D:7:      layout_rooms, lemuel_round_altar, nicolae_ru_awakened_eye,
          vehumet_statue, nicolae_ossuary_entry_monument,
          minmay_misc_feat_rugged, grunt_dithmenos_shadows
D:8:      layout_rooms, gammafunk_ghost_mausoleum, uniq_erica,
          uniq_prince_ribbit1
D:9:      layout_gridville, small_statue_intersection, hex_tiny, st_stairs_8,
          kennysheep_generic_room_14
D:10:     layout_roguey, kennysheep_orc_monster_closet_entryway,
          serial_bayou_pond_c
D:11:     layout_long_grid, grunt_lair_entry_orc_guard_hut, minmay_liquid_box,
          uniq_erolcha
Orc:1:    layout_caves, minmay_orc_temple_c

Skill      XL: |  1  2  3  4  5  6  7  8  9 10 11 |
---------------+----------------------------------+-----
Axes           | 3 5 6 8 9 12 13 14 | 14.3
Fighting       | 4 5 6 7 9 |  9.2
Armour         | 4 5 6 7 8 |  8.3
Shields        | 4 5 6 7 8 9 |  9.1
Dodging        | 1 2 3 4 |  4.6
Invocations    | 1 |  1.7
Stealth        | |  0.6

Action                   |  1- 3 |  4- 6 |  7- 9 | 10-12 || total
-------------------------+-------+-------+-------+-------++-------
Melee: War axe           |    61 |    88 |   224 |   276 ||   649
       Headbutt          |     6 |    12 |    41 |    59 ||   118
Invok: Heroism           |       |       |     2 |     2 ||     4
  Use: Scroll            |       |       |     6 |    10 ||    16
Armor: Plate armour      |    32 |       |       |       ||    32
       Scale mail        |     5 |    31 |   102 |    78 ||   216
Dodge: Dodged            |    16 |    31 |    78 |    92 ||   217
Block: Kite shield       |    28 |    36 |   110 |   131 ||   305

Table legend: (Time is in decaauts)
 A = Elapsed time spent in this place.
 B = Non-inter-level travel time spent in this place.
 C = Inter-level travel time spent in this place.
 D = Time resting spent in this place.
 E = Time spent auto-exploring this place.
 F = Levels seen in this place.
 G = Mean time per level.
                   A        B        C        D        E       F      G
               +--------+--------+--------+--------+--------+-----+--------+
         Total |   9424 |   9200 |    224 |    630 |   6220 |  13 |  724.9 |
       Dungeon |   8901 |   8677 |    224 |    615 |   5913 |  11 |  809.2 |
  Orcish Mines |     51 |     51 |      0 |     15 |      0 |   1 |   51.0 |
       Ossuary |    471 |    471 |      0 |      0 |    307 |   1 |  471.0 |
               +--------+--------+--------+--------+--------+-----+--------+

Top non-repeatable levels by time:
     D:4: 1428 daAuts
     D:6: 1389 daAuts
     D:3: 990 daAuts
    D:10: 898 daAuts
     D:5: 845 daAuts
     D:9: 840 daAuts
     D:1: 825 daAuts
     D:7: 608 daAuts
     D:2: 576 daAuts
     D:8: 498 daAuts
 Ossuary: 471 daAuts
   Orc:1: 51 daAuts
    D:11: 1 daAuts
